 Dungeon Crawl Stone Soup version 0.16.0-17-g811c1d7 (webtiles) character file.

5571 Elizilla the Grappler (level 10, 0/88 HPs)
             Began as a Troll Monk on Mar 21, 2015.
             Was an Elder of Dithmenos.
             Slain by a killer bee (3 damage)
             ... on level 10 of the Dungeon.
             The game lasted 00:21:11 (6354 turns).

Elizilla the Grappler (Troll Monk)                  Turns: 6354, Time: 00:21:12

Health: 0/88       AC:  5    Str: 23    XL:     10   Next: 44%
Magic:  4/4        EV: 13    Int:  6    God:    Dithmenos [****..]
Gold:   580        SH:  0    Dex: 13    Spells: 0 memorised, 9 levels left

rFire  . . .     SeeInvis .       - Unarmed
rCold  . . .     Clarity  .     a - +0 robe
rNeg   + . .     SustAb   .     (shield restricted)
rPois  .         Gourm    +     (helmet restricted)
rElec  .         Spirit   .     (no cloak)
rCorr  .         Warding  .     (gloves unavailable)
rMut   .         Stasis   +     (boots unavailable)
MR     .....                    g - amulet of stasis
Stlth  ++........               r - ring of positive energy
                                l - ring of flight

@: lethally poisoned (0 -> -10), wreathed by umbra, not resistant to hostile
enchantments, unstealthy
A: unfitting armour, claws 3, fast metabolism 3, gourmand, mutation resistance
1, regeneration 2, shaggy fur 1, tough skin 2
a: Shadow Step, Renounce Religion, Evoke Flight


You were on level 10 of the Dungeon.
You worshipped Dithmenos.
Dithmenos was greatly pleased with you.
You were very full.

You visited 2 branches of the dungeon, and saw 11 of its levels.

You collected 580 gold pieces.

Inventory:

Missiles
 y - 3 large rocks (quivered)
 H - 6 javelins of penetration
Armour
 a - a +0 robe (worn)
Jewellery
 g - an amulet of stasis (around neck)
 l - a ring of flight (left claw)
 o - an uncursed amulet of stasis
 r - a ring of positive energy (right claw)
 C - a +6 ring of strength {unknown}
Magical devices
 q - a wand of fireball (1)
 u - a wand of confusion (30)
 A - a wand of frost (21)
 F - a wand of cold (2)
 G - a wand of polymorph (6)
Scrolls
 c - 8 scrolls of identify {unknown}
 d - 4 scrolls of immolation {unknown}
 e - 5 scrolls of fear {unknown}
 h - 3 scrolls of remove curse {unknown}
 i - 2 scrolls of noise {unknown}
 k - 6 scrolls of teleportation {unknown}
 m - 2 scrolls of enchant weapon {unknown}
 p - 2 scrolls of amnesia {unknown}
 s - a scroll of fog {unknown}
 w - a scroll of recharging {unknown}
 D - a scroll of vulnerability {unknown}
Potions
 f - a potion of resistance
 t - 4 potions of curing
 v - a potion of brilliance {unknown}
 x - a potion of agility
 z - a potion of heal wounds {unknown}
 B - a potion of restore abilities {unknown}
 E - a potion of cure mutation {unknown}
Comestibles
 b - 6 meat rations
 j - 2 slices of pizza
 n - 3 bread rations
 I - 3 chunks of flesh


   Skills:
 - Level 2.4 Fighting
 + Level 3.0 Throwing
 - Level 7.4 Dodging
 - Level 1.1 Stealth
 * Level 13.0 Unarmed Combat


You had 9 spell levels left.
You didn't know any spells.

Dungeon Overview and Level Annotations

Branches:
Dungeon (10/15)            Temple (1/1) D:5            Lair (0/8) D:9
    Orc: D:9-12

Altars:
Dithmenos
Makhleb
Okawaru
Qazlal
Sif Muna
Trog
Vehumet
Yredelemnul


Innate Abilities, Weirdness & Mutations

You are too large for most types of armour.
You have claws for hands.
Your metabolism is lightning-fast.
You like to eat raw meat.
You heal very quickly.
You are covered in fur (AC +1).
You have very tough skin (AC +2).
You are somewhat resistant to further mutation.


Message History

You barely miss the killer bee. You claw the killer bee.
The killer bee is moderately wounded.
You feel sick. The killer bee stings you. The killer bee stings you!
* * * LOW HITPOINT WARNING * * *
You are more poisoned.
The killer bee poisons you!
You miss the killer bee. Your claw misses the killer bee.
The killer bee is moderately wounded.
You feel sick. The killer bee stings you!
* * * LOW HITPOINT WARNING * * *
You scratch the killer bee but do no damage.
The killer bee is moderately wounded.
* * * LOW HITPOINT WARNING * * *
You feel sick. The killer bee misses you. The killer bee stings you.
* * * LOW HITPOINT WARNING * * *
You closely miss the killer bee.
The killer bee is moderately wounded.
* * * LOW HITPOINT WARNING * * *
You feel sick. The killer bee stings you.
You die...

###.#### #.#
###.# .# #...#
#...
###.####.....
##..#.........
###..............
#...##..#........
##.####@#........
### ##y.......#
#......###
##....## #...##
#..## #..#
#........#
#...#.....##


You could see a killer bee.

Vanquished Creatures
  Pikel (D:5)
  An ugly thing (D:6)
  A two-headed ogre (D:9)
  5 yaks (D:9)
  Eustachio (D:6)
  2 hungry ghosts (D:9)
  A water moccasin (D:4)
  3 orc warriors
  5 ogres
  An ice beast (D:8)
  4 slaves (D:5)
  2 sky beasts
  5 centaurs
  3 giant frogs
  2 scorpions
  A wyvern skeleton (D:6)
  5 killer bees (D:10)
  4 wights (D:9)
  4 crimson imps
  A goliath beetle (D:9)
  A quasit (D:7)
  6 orc priests
  A jelly (D:6)
  4 giant frog skeletons
  3 hounds
  A centaur skeleton (D:8)
  An iguana (D:5)
  11 orc wizards
  10 worker ants
  A hound zombie (D:6)
  2 hound skeletons (D:9)
  Robin (D:3)
  6 adders
  A worker ant zombie (D:5)
  A shadow imp (D:5)
  2 giant mites (D:7)
  A worm (D:4)
  4 giant geckos
  2 oozes
  24 orcs
  3 bat skeletons
  2 bat zombies (D:5)
  24 hobgoblins
  14 jackals
  5 quokkas
  9 bats
  3 giant cockroaches
  A giant gecko skeleton (D:5)
  4 giant newts
  A giant spore (D:8)
  19 goblins
  A jackal zombie (D:5)
  13 kobolds
  10 rats
  2 ballistomycetes (D:8)
246 creatures vanquished.

Vanquished Creatures (others)
  An orc (D:5)
1 creature vanquished.

Grand Total: 247 creatures vanquished

Notes
Turn   | Place    | Note
--------------------------------------------------------------
     0 | D:1      | Elizilla, the Troll Monk, began the quest for the Orb.
     0 | D:1      | Reached XP level 1. HP: 22/22 MP: 1/1
   249 | D:1      | Reached XP level 2. HP: 29/29 MP: 1/1
  1056 | D:2      | Reached XP level 3. HP: 36/36 MP: 2/2
  1233 | D:2      | Reached skill level 5 in Unarmed Combat
  1615 | D:3      | Reached XP level 4. HP: 36/44 MP: 2/2
  1697 | D:3      | Noticed Robin
  1731 | D:3      | Killed Robin
  1922 | D:3      | Reached XP level 5. HP: 50/50 MP: 2/2
  2203 | D:4      | Reached skill level 6 in Unarmed Combat
  2290 | D:4      | Reached XP level 6. HP: 40/59 MP: 3/3
  2399 | D:4      | Noticed a water moccasin
  2420 | D:4      | HP: 2/59 [poisoned by a water moccasin]
  2424 | D:4      | Killed a water moccasin
  2455 | D:4      | Reached skill level 7 in Unarmed Combat
  2614 | D:4      | Noticed an ogre
  2618 | D:4      | Killed an ogre
  2745 | D:5      | Entered Level 5 of the Dungeon
  2795 | D:5      | Reached XP level 7. HP: 66/66 MP: 3/3
  2796 | D:5      | Noticed Pikel
  2829 | D:5      | Killed Pikel
  2829 | D:5      | Reached skill level 5 in Dodging
  2829 | D:5      | Reached skill level 8 in Unarmed Combat
  2829 | D:5      | Reached XP level 8. HP: 59/74 MP: 3/3
  2907 | D:5      | Reached skill level 9 in Unarmed Combat
  3232 | D:5      | Found a staircase to the Ecumenical Temple.
  3244 | Temple   | Entered the Ecumenical Temple
  3253 | Temple   | Became a worshipper of Dithmenos the Shadowed
  3253 | Temple   | Acquired Dithmenos' first power
  3661 | D:6      | Noticed Eustachio
  3672 | D:6      | Killed Eustachio
  3672 | D:6      | Reached skill level 10 in Unarmed Combat
  3686 | D:6      | Found a basalt altar of Yredelemnul.
  4025 | D:6      | Noticed a green ugly thing
  4030 | D:6      | Killed a green ugly thing
  4030 | D:6      | Reached XP level 9. HP: 75/80 MP: 4/4
  4034 | D:6      | Gained mutation: You are somewhat resistant to further mutation. [mutagenic meat]
  4236 | D:7      | Reached skill level 11 in Unarmed Combat
  4685 | D:7      | Acquired Dithmenos' second power
  5293 | D:8      | Found a radiant altar of Vehumet.
  5644 | D:9      | Reached skill level 12 in Unarmed Combat
  5758 | D:9      | Found a staircase to the Lair.
  5877 | D:9      | Reached XP level 10. HP: 83/88 MP: 4/4
  6022 | D:9      | Reached skill level 1 in Throwing
  6086 | D:9      | Acquired Dithmenos' third power
  6109 | D:9      | Found a bloodstained altar of Trog.
  6312 | D:10     | Entered Level 10 of the Dungeon
  6344 | D:10     | Reached skill level 13 in Unarmed Combat
  6354 | D:10     | HP: 3/88 [poisoned by a killer bee]
  6354 | D:10     | Slain by a killer bee

Action                   |  1- 3 |  4- 6 |  7- 9 | 10-12 || total
-------------------------+-------+-------+-------+-------++-------
Melee: Unarmed           |    73 |   129 |   302 |    65 ||   569
Throw: Large rock        |       |       |     4 |       ||     4
  Use: Potion            |       |     5 |       |       ||     5
 Stab: Sleeping          |     1 |     1 |     3 |     1 ||     6
       Distracted        |       |     1 |       |       ||     1
  Eat: Chunk             |    18 |    11 |    39 |     5 ||    73
